 Dungeon Crawl Stone Soup version 0.27-a0-1202-ge72e49191c (webtiles) character file.

Game seed: 6167523236509957400

691 27snakeeyes612 the Chopper (level 7, -1/63 HPs)
             Began as a Naga Fighter on June 4, 2021.
             Was an Initiate of Cheibriados.
             Shot with an arrow by a centaur (5 damage)
             ... on level 6 of the Dungeon.
             The game lasted 00:09:05 (6848 turns).

27snakeeyes612 the Chopper (Naga Fighter)           Turns: 6848, Time: 00:09:06

Health: -1/63      AC: 10    Str: 22    XL:     7   Next: 63%
Magic:  2/8        EV:  2    Int:  9    God:    Cheibriados [......]
Gold:   175        SH:  9    Dex: 11    Spells: 6/6 levels left

rFire    . . .     SeeInvis +   y - +0 broad axe
rCold    . . .     Faith    .   c - +0 kite shield
rNeg     . . .     Spirit   .   q - +0 plate armour
rPois    +         Reflect  .   (no helmet)
rElec    .         Harm     .   (no cloak)
rCorr    .         Rampage  .   p - +0 pair of gloves
Will     +....                  (no barding)
Stlth    ..........             (no amulet)
HPRegen  0.20/turn              s - ring of willpower
MPRegen  0.11/turn              (no ring)

@: short of breath, very slow
A: AC +2, large, see invisible, deformed body, poison resistance, slowness 2,
spit poison 1, naga tail 1
a: Spit Poison, Renounce Religion, Bend Time


You were on level 6 of the Dungeon.
You worshipped Cheibriados.
Cheibriados was noncommittal.
You visited 2 branches of the dungeon, and saw 7 of its levels.

You collected 231 gold pieces.
You spent 56 gold pieces at shops.

Inventory:

Hand Weapons
 a - a +0 war axe
 y - a +0 broad axe (weapon)
Missiles
 i - 3 throwing nets
Armour
 b - a +0 scale mail
 c - a +0 kite shield (worn)
 p - a +0 pair of gloves (worn)
 q - a +0 plate armour (worn)
Jewellery
 s - a ring of willpower (left hand)
 z - a ring of ice
 B - a ring of poison resistance
Wands
 t - a wand of acid (11)
Scrolls
 f - a scroll of blinking {unknown}
 j - a scroll of amnesia {unknown}
 k - 2 scrolls of enchant armour {unknown}
 l - a scroll of acquirement {unknown}
 n - 2 scrolls of magic mapping {unknown}
 o - 5 scrolls of identify {unknown}
 r - 4 scrolls of enchant weapon {unknown}
 v - a scroll of torment {unknown}
 x - a scroll of teleportation {unknown}
Potions
 d - a potion of might
 e - a potion of invisibility {unknown}
 g - 3 potions of heal wounds {unknown}
 h - 3 potions of lignification {unknown}
 m - 2 potions of berserk rage {unknown}
 u - a potion of flight {unknown}
 w - a potion of degeneration {unknown}
 A - a potion of resistance {unknown}


   Skills:
 + Level 3.9 Fighting
 + Level 5.4 Axes
 + Level 4.2 Armour
 + Level 0.7 Dodging
 + Level 0.7 Stealth
 + Level 3.6 Shields
 * Level 1.4 Invocations


You had 6 spell levels left.
You didn't know any spells.
Your spell library was empty.

Dungeon Overview and Level Annotations

Branches:
Dungeon (6/15)             Temple (1/1) D:5

Altars:
Ashenzari
Cheibriados
Dithmenos
Elyvilon
Hepliaklqana
Kikubaaqudgha
Makhleb
Nemelex Xobeh
Okawaru
Ru
Sif Muna
Uskayaw
Vehumet
Zin
The Shining One

Shops:
D:2 !   D:5 [*((


Innate Abilities, Weirdness & Mutations

Your serpentine skin is tough. (AC +2)
You have supernaturally acute eyesight. (SInv)
Armour fits poorly on your strangely shaped body.
Your system is resistant to poisons. (rPois)
You cover ground very slowly.
You can spit poison.
You have a snake-like lower body.


Message History

B - a ring of poison resistance
Okay, then.
Found a stone staircase leading down.
A centaur comes into view.
The centaur shouts!
The centaur wields a +0 shortbow.
The centaur shoots an arrow.
The arrow hits you but does no damage.
The centaur shoots an arrow.
You block the arrow.
A centaur is nearby!
The centaur shoots an arrow.
The arrow hits you!
The centaur shoots an arrow.
The arrow hits you.
The centaur shoots an arrow.
The arrow hits you.
The centaur shoots an arrow.
The arrow hits you!
The centaur shoots an arrow.
The arrow hits you.
The centaur shoots an arrow.
You block the arrow.
Abil: Spit Poison
Press: ? - help, Q - select action, (/) - cycle Shift-Dir - straight line, f - centaur
Aim: a centaur, wielding a +0 shortbow and quivering arrows The splash of poison hits the centaur!
The centaur is poisoned.
The centaur is moderately wounded.
The centaur shoots an arrow.
The arrow hits you but does no damage.
The centaur shoots an arrow.
The arrow hits you but does no damage.
The centaur shoots an arrow.
The arrow hits you.
The centaur shoots an arrow.
The arrow hits you!
You have got your breath back.
The centaur shoots an arrow.
The arrow hits you.
* * * LOW HITPOINT WARNING * * *
The centaur shoots an arrow.
The arrow hits you but does no damage. The flow of time bends around you.
The centaur shoots an arrow.
The arrow hits you.
* * * LOW HITPOINT WARNING * * *
Abil: Spit Poison
Press: ? - help, Q - select action, (/) - cycle Shift-Dir - straight line, f/p - centaur
Aim: a centaur, wielding a +0 shortbow and quivering arrows (moderately wounded, poisoned)
The splash of poison hits the centaur.
The centaur looks even sicker.
The centaur is moderately wounded.
The centaur shoots an arrow.
The arrow hits you!
* * * LOW HITPOINT WARNING * * *
The centaur shoots an arrow.
The arrow barely misses you. The flow of time bends around you.
The centaur shoots an arrow.
The arrow hits you.
You die...

#...# #.# ##.### ..# ###..#
#.#### #...## # #..... #...
....# #. ##... ..... ....#
#..######..# .... ....#
##..........## ##... .#..#
#............### #..# ....#
#..##.c.@.......###..#
....####...###.>....#.......##
..............#....####......###
#......## ##......## ###......##
#...#...# ###....# ##.......
#..###..## ###.## #.####.. #..#
##..# #.# #.## # #..# ##.## #.#
###..# #..# #..##
#.#######....##


You could see a centaur (very poisoned).

Vanquished Creatures
  An ice beast (D:6)
  A sky beast (D:5)
  A necrophage (D:5)
  A phantom (D:4)
  A bullfrog zombie (D:5)
  2 orc priests
  A jelly (D:4)
  2 iguanas (D:4)
  A hound skeleton (D:4)
  7 adders
  A white imp (D:5)
  A worm (D:4)
  2 dart slugs
  10 orcs
  A bat (D:1)
  7 endoplasms
  A giant cockroach (D:1)
  10 goblins
  8 hobgoblins
  12 jackals
  5 kobolds
  A quokka (D:3)
  2 ball pythons
  2 frilled lizards (D:1)
  3 rats
84 creatures vanquished.

Notes
Turn   | Place    | Note
-------+----------+-------------------------------------------
     0 | D:1      | 27snakeeyes612 the Naga Fighter began the quest for the
                  | Orb.
     0 | D:1      | Reached XP level 1. HP: 21/21 MP: 1/1
    25 | D:1      | Found a faded altar of an unknown god.
   358 | D:1      | Reached XP level 2. HP: 23/28 MP: 2/2
   426 | D:1      | HP: 1/28 [poisoned by a kobold]
  1180 | D:1      | Reached XP level 3. HP: 34/34 MP: 3/3
  2033 | D:2      | Found a sacrificial altar of Ru.
  2095 | D:2      | Found Woskam's Distillery.
  2650 | D:2      | Reached XP level 4. HP: 19/42 MP: 4/4
  2922 | D:3      | Found a broken altar of Ashenzari.
  2925 | D:3      | Found a glowing golden altar of the Shining One.
  2928 | D:3      | Found an ancient bone altar of Kikubaaqudgha.
  2931 | D:3      | Found a shadowy altar of Dithmenos.
  3788 | D:4      | Reached skill level 3 in Axes
  3788 | D:4      | Reached XP level 5. HP: 11/49 MP: 5/5
  5077 | D:4      | Found a glowing silver altar of Zin.
  5241 | D:4      | Reached XP level 6. HP: 56/56 MP: 6/6
  5449 | D:5      | Entered Level 5 of the Dungeon
  5466 | D:4      | Reached skill level 4 in Axes
  5735 | D:5      | Noticed a necrophage
  5747 | D:5      | Killed a necrophage
  5748 | D:5      | Reached skill level 5 in Axes
  5748 | D:5      | Reached XP level 7. HP: 59/63 MP: 7/7
  5877 | D:5      | Found Urodghua's Antique Weapon Shoppe.
  5879 | D:5      | Found Ammam Gum's Assorted Antiques.
  5882 | D:5      | Found Eqeaq's Antique Armour Shoppe.
  5883 | D:5      | Found Zoopiph's Weapon Shoppe.
  5919 | D:5      | Bought a +0 broad axe for 56 gold pieces
  6037 | D:5      | Found a staircase to the Ecumenical Temple.
  6048 | Temple   | Entered the Ecumenical Temple
  6217 | Temple   | Became a worshipper of Cheibriados the Contemplative
  6289 | D:5      | Reached skill level 1 in Invocations
  6848 | D:6      | Shot with an arrow by a centaur

Illustrated notes

Levels and vault maps discovered:
D:1:      dpeg_arrival_rooms_with_view, layout_loops_cross,
          chequers_ecumenical_altar_twisty, hangedman_feature_mirror, hex_tiny,
          minmay_split_cup_small
D:2:      layout_basic, serial_shops, shop, basic_altar,
          hangedman_abyss_or_decor_lesser_grid
D:3:      layout_rooms, grunt_temple_overflow_cloverleaf,
          guppyfry_early_orc_mine
D:4:      layout_layer_cave, zin_statuary
D:5:      layout_cave_pools, minmay_temple_entry_overgrown,
          minmay_shop_grid_forest
D:6:      layout_layer_cave, lemuel_doored_altar, uniq_eustachio, uniq_pikel,
          uniq_edmund
Temple:   nicolae_temple_figure_eight

Skill      XL: |  1  2  3  4  5  6  7 |
---------------+----------------------+-----
Shields        | 3 |  3.6
Armour         | 3 4 |  4.2
Axes           | 3 5 |  5.4
Invocations    | 1 |  1.4
Fighting       | |  3.9
Dodging        | |  0.7
Stealth        | |  0.7

Action                   |  1- 3 |  4- 6 |  7- 9 || total
-------------------------+-------+-------+-------++-------
Melee: War axe           |   108 |   152 |     8 ||   268
       Broad axe         |       |       |    26 ||    26
Invok: Bend Time         |       |       |     4 ||     4
 Abil: Spit Poison       |       |     2 |     3 ||     5
Armor: Scale mail        |    34 |       |       ||    34
       Plate armour      |    37 |   104 |    39 ||   180
Dodge: Dodged            |    17 |    17 |     4 ||    38
Block: Kite shield       |    69 |    85 |    23 ||   177

Table legend: (Time is in decaauts)
 A = Elapsed time spent in this place.
 B = Non-inter-level travel time spent in this place.
 C = Inter-level travel time spent in this place.
 D = Time resting spent in this place.
 E = Time spent auto-exploring this place.
 F = Levels seen in this place.
 G = Mean time per level.
                   A        B        C        D        E       F      G
               +--------+--------+--------+--------+--------+-----+--------+
         Total |   8584 |   8333 |    251 |    799 |   6643 |   7 | 1226.3 |
       Dungeon |   8277 |   8113 |    164 |    799 |   6434 |   6 | 1379.5 |
        Temple |    306 |    219 |     87 |      0 |    209 |   1 |  306.0 |
               +--------+--------+--------+--------+--------+-----+--------+

Top non-repeatable levels by time:
     D:4: 2917 daAuts
     D:1: 1684 daAuts
     D:2: 1656 daAuts
     D:5: 1086 daAuts
     D:3: 657 daAuts
  Temple: 306 daAuts
     D:6: 275 daAuts
